Cogmind - Beta 17 @@@ ROGUE MODE // 2026.06.24 @ 15:07:06 Player: Minty Result: Destroyed by 3H-Q3E(R) with Subdweller Beam Cannon Performance ------------- Evolutions (0) 0 Regions Visited (2) 400 Robots Destroyed (15) 75 Value Destroyed (425) 425 Prototype IDs (5) 100 Alien Tech Used (0) 0 Bonus (5250) 5250 TOTAL SCORE: 6250 Bonus ------- Prayed to X0-1V1 5000 Major X0-1V1 Interference 250 Cogmind --------- Core Integrity 0/150 Matter 252/300 Energy 100/100 System Corruption 5% Temperature Cool (9) Movement Treading (160) Location -10/Subcaves Parts ------- > --- POWER (1) -------- (None) > --- PROPULSION (2) --- Light Treads Compact Wheel > --- UTILITY (2) ------ Improved Heat Sink X0-1V1's Piety Tracker > --- WEAPON (2) ------- Battle Rifle > --- INVENTORY (5) ---- Large Storage Unit Structural Scanner Riot Gun Peak State ------------ > --- POWER ------------ Ion Engine > --- PROPULSION ------- Light Treads Compact Wheel > --- UTILITY ---------- Improved Heat Sink X0-1V1's Piety Tracker > --- WEAPON ----------- Subdweller Laser Battle Rifle > --- INVENTORY -------- Light Treads Compact Wheel Large Storage Unit Structural Scanner Riot Gun [Rating: 23] Favorites ----------- Power Ion Engine Engine Ion Engine Propulsion Aluminum Leg Treads Light Treads Leg Aluminum Leg Wheel Compact Wheel Utility Small Storage Unit Device Terrain Scanner Storage Small Storage Unit Weapon Particle Gun Energy Gun Particle Gun Ballistic Gun Light Assault Rifle Build | -11 -10 -10 ------- Run | Yrd Mat Sub Slots Evolved . | . . . Power . | . . . Propulsion . | . . . Utility . | . . . Weapon . | . . . Parts Attached 19 | . 14 5 Power 1 | . 1 . Engine 1 | . 1 . Core . | . . . Reactor . | . . . Propulsion 7 | . 6 1 Treads 2 | . 2 . Leg 3 | . 3 . Wheel 2 | . 1 1 Hover . | . . . Flight . | . . . Utility 5 | . 4 1 Device 5 | . 4 1 Storage . | . . . Processor . | . . . Hackware . | . . . Protection . | . . . Artifact . | . . . Weapon 6 | . 3 3 Energy Gun 4 | . 2 2 Energy Cannon . | . . . Ballistic Gun 2 | . 1 1 Ballistic Cannon . | . . . Launcher . | . . . Special Weapon . | . . . Impact Weapon . | . . . Slashing Weapon . | . . . Piercing Weapon . | . . . Special Melee Weapon . | . . . Unidentified Prototypes 1 | . . 1 Parts Lost 11 | . 7 4 Power 2 | . 1 1 Propulsion 4 | . 2 2 Utility . | . . . Weapon 5 | . 4 1 Highest Loss Streak 5 | . 5 4 To Critical Strikes . | . . . Average Backups 5 | . 5 4 Power . | . . . Propulsion 3 | . 3 2 Utility 1 | . . 2 Weapon . | . . . Tool/Special . | . . . Unused Backups 8 | . 6 2 Power 1 | . 1 . Propulsion 2 | . 2 . Utility 3 | . 1 2 Weapon 2 | . 2 . Tool/Special . | . . . Average Slot Usage (%) 92 | . 95 84 Engine 13 | . 13 12 Treads 4 | . 1 14 Leg 19 | . 26 . Wheel 4 | . . 14 Device 16 | . 12 26 Storage 10 | . 14 1 Energy Gun 18 | . 20 12 Ballistic Gun 4 | . 5 1 Peak Build Rating 23 | . 11 23 Average Rating 10 | . 7 19 On Entrance 6 | 6 6 6 Avg Prop Armor Cover (%) 17 | . 20 16 Naked Turns . | . . . Heaviest Build 17 | 13 17 14 Greatest Support 40 | 20 40 16 Greatest Overweight (x) . | . . . Average Overweight (x) . | . . . Largest Inventory Capacity 8 | . 8 8 Average Capacity 7 | . 8 5 Most Carried 8 | . 8 5 Average Carried 5 | . 5 4 Final Capacity 8 | 8 8 5 Final Carried 6 | 6 5 3 Class Distribution -------------------- 80% | Mutant 19% | Scavenger-Mutant Dominant Class ---------------- Mutant | -10/Materials Mutant | -10/Subcaves Resources | -11 -10 -10 ----------- Run | Yrd Mat Sub Matter Collected 373 | 195 111 67 Remotely . | . . . Salvage Created 531 | . 531 . Parts 39 | . 39 . Haulers Intercepted 1 | . 1 . Recyclers Shooed . | . . . Parts Field Recycled . | . . . Retrieved Matter . | . . . Parts Self-Destructed 2 | . . 2 Prevented . | . . . Parts Restored . | . . . Kills | -11 -10 -10 ------- Run | Yrd Mat Sub Combat Hostiles Destroyed 13 | . 13 . Guns 13 | . 13 . Classes Destroyed 5 | . 5 . Worker 1 | . 1 . Hauler 1 | . 1 . Swarmer 3 | . 3 . Grunt 9 | . 9 . Subdweller 1 | . 1 . Best Kill Streak 3 | . 3 . Combat Bots Only 3 | . 3 . Max Kills in Single Turn 1 | . 1 . Gunslinging . | . . . Exploded . | . . . Melee . | . . . Uniques/NPCs Destroyed . | . . . Combat | -11 -10 -10 -------- Run | Yrd Mat Sub Hostile Shots Fired 109 | . 90 19 Missed 19 | . 17 2 Hits 90 | . 73 17 Projectile 90 | . 73 17 Critical Strikes 2 | . 1 1 Damage Taken 1486 | . 1067 419 Core 255 | . 183 72 Absorbed by Shields . | . . . Regen/Repaired (Parts) 22 | . 22 . Core Remaining (%) 100 | 100 . . Volleys Fired 61 | . 54 7 Largest 2 | . 2 2 Hottest 130 | . 130 110 Shots Fired 117 | . 104 13 Gun 117 | . 104 13 Cannon . | . . . Launcher . | . . . Special . | . . . Kinetic 29 | . 23 6 Thermal 67 | . 61 6 Explosive . | . . . Electromagnetic 21 | . 20 1 Robot Hit Streak 10 | . 9 10 Robot Miss Streak 4 | . 4 2 Penetration Max . | . . . Secondary Targets 2 | . 2 . Max Gunslinging Chain 1 | . 1 . Shots Hit Robots 72 | . 61 11 Core Hits 25 | . 24 1 Critical Kills . | . . . Critical Parts Destroyed . | . . . Critical Strikes . | . . . Melee Attacks . | . . . Impact . | . . . Slashing . | . . . Piercing . | . . . Sneak Attacks . | . . . Combat Hostiles . | . . . Follow-up Attacks . | . . . Damage Inflicted 1091 | . 914 177 Guns 931 | . 754 177 Cannons . | . . . Explosions 141 | . 141 . Melee . | . . . Ramming 19 | . 19 . Kinetic 214 | . 125 89 Thermal 743 | . 655 88 Explosive . | . . . Electromagnetic 115 | . 115 . Impact . | . . . Slashing . | . . . Piercing . | . . . Highest Corruption 5 | . 3 5 Average Corruption 3 | . 2 4 Corruption Purged . | . . . Corruption Blocked . | . . . Effects 9 | . 4 5 Message Errors 1 | . . 1 Matter Fused 1 | . 1 . Heat Flow Errors 3 | . 1 2 Energy Discharges 2 | . 1 1 Data Loss (minor) 1 | . 1 . Misfires 1 | . . 1 Overload Shots . | . . . Overflow Damage 9 | . 9 . Projectiles . | . . . Explosions 9 | . 9 . Melee . | . . . Knockbacks . | . . . Impact . | . . . Kinetic . | . . . Secondary . | . . . Self-Inflicted Damage 29 | . 29 . Shots 1 | . 1 . Rammed 2 | . 2 . Targets Rammed 7 | . 7 . Kicked 5 | . 5 . Crushed . | . . . Highest Temperature 306 | . 306 252 Average Temperature 112 | . 109 140 Received Heat Transfer 713 | . 321 392 Effects 2 | . 2 . Interference 2 | . 2 . Siege Activations . | . . . Martial Activations . | . . . Shielding Activations . | . . . Robots Disrupted . | . . . Combat Hostiles . | . . . Robots Corrupted . | . . . Combat Hostiles . | . . . Parts Fried . | . . . Impact Corruptions . | . . . Robots Melted . | . . . Combat Hostiles . | . . . Parts Melted 1 | . 1 . Heat Transferred 1475 | . 1375 100 Parts Sabotaged . | . . . Parts Stolen . | . . . Parts Stripped . | . . . Power Chain Reactions 2 | . 2 . Alert | -11 -10 -10 ------- Run | Yrd Mat Sub Maximum Alert Level . | . . . Low Security (%) 100 | . 100 . Level 1 . | . . . Level 2 . | . . . Level 3 . | . . . Level 4 . | . . . Level 5 . | . . . High Security . | . . . Max Security . | . . . Peak Influence 120 | . 120 . Initial . | . . . Average 59 | . 59 . Influence Increases 369 | . 369 . Destroy 0b10 Robot/C 240 | . 240 . Destroy 0b10 Robot/NC 10 | . 10 . Destroy Leader 52 | . 52 . Successful Hack 24 | . 24 . Disable Machine 30 | . 30 . Destroy Structure 13 | . 13 . Influence Decreases 369 | . 365 4 Entered New Map 3 | . . 3 Time Decay 296 | . 295 1 Lost Part 70 | . 70 . Squads Dispatched 3 | . 3 . Investigation 1 | . 1 . Extermination . | . . . Reinforcement 2 | . 2 . Assault . | . . . Garrison . | . . . Intercept . | . . . Searches Triggered . | . . . Construction Impeded . | . . . Haulers Reinforced . | . . . Active Scanning Responses . | . . . Cargo Convoy Interrupts . | . . . Stealth | -11 -10 -10 --------- Run | Yrd Mat Sub Distress Signals . | . . . Communications Jammed . | . . . Distress Signals . | . . . Times Spotted 26 | . 24 2 Peak Tracking Total 4 | . 4 2 Tactical Retreats . | . . . Traps | -11 -10 -10 ------- Run | Yrd Mat Sub Traps Triggered 3 | . 3 . Indirectly . | . . . Trap Hack Attempts . | . . . Triggered . | . . . Disarmed . | . . . Reprogrammed . | . . . Reused . | . . . Traps Extracted . | . . . Installed . | . . . Triggered . | . . . Machines | -11 -10 -10 ---------- Run | Yrd Mat Sub Machines Disabled 2 | . 2 . Max in Single Turn 1 | . 1 . Machines Repaired . | . . . Machines Dismantled . | . . . Machines Sabotaged . | . . . Overloaded Fab Kills . | . . . Hacking | -11 -10 -10 --------- Run | Yrd Mat Sub Machines Accessed 8 | . 7 1 Terminals 6 | . 6 . Fabricators . | . . . Repair Stations 1 | . 1 . Recycling Units . | . . . Scanalyzers . | . . . Garrison Access . | . . . Total Hacks 22 | . 18 4 Successful 13 | . 9 4 Failed 9 | . 9 . Catastrophic . | . . . Database Lockouts . | . . . Manual 7 | . 7 . Terminals 16 | . 16 . Fabricators . | . . . Repair Stations 2 | . 2 . Recycling Units . | . . . Scanalyzers . | . . . Garrison Access . | . . . Terminal Hacks 10 | . 6 4 Record 4 | . . 4 Prototype ID Bank 2 | . 2 . Maintenance Status 2 | . 2 . Hauler Manifests 1 | . 1 . Zone Layout 1 | . 1 . Fabricator Hacks . | . . . Repair Station Hacks 2 | . 2 . Scan Component 1 | . 1 . Repair 1 | . 1 . Recycling Unit Hacks . | . . . Scanalyzer . | . . . Garrison Access Hacks . | . . . Unauthorized Hacks 1 | . 1 . Terminals 1 | . 1 . Botnet 1 | . 1 . Fabricators . | . . . Repair Stations . | . . . Recycling Units . | . . . Scanalyzers . | . . . Garrison Access . | . . . Data Cores Recovered . | . . . Used . | . . . Hacking Detections 5 | . 5 . Full Trace Events . | . . . Feedback Events . | . . . Feedback Blocked . | . . . Robot Schematics Acquired . | . . . Robots Built . | . . . Authchips . | . . . Time . | . . . Total Robot Build Rating . | . . . Part Schematics Acquired . | . . . Parts Built . | . . . Authchips . | . . . Time . | . . . Total Part Build Rating . | . . . Part Studies Acquired . | . . . Parts Repaired 1 | . 1 . Time 32 | . 32 . Parts Recycled . | . . . Recycled Matter . | . . . Retrieved Matter . | . . . Retrieved Components . | . . . Parts Scanalyzed . | . . . Part Schematics Acquired . | . . . Parts Damaged . | . . . Bothacking | -11 -10 -10 ------------ Run | Yrd Mat Sub Used RIF Installer . | . . . Robots Hacked . | . . . Non-combat . | . . . Combat . | . . . Robot Hacks Applied . | . . . Relay Couplers Released . | . . . Fabnet Peak Effective % . | . . . Robots Rewired . | . . . Allies Hacked . | . . . Hacks Repelled . | . . . Allies | -11 -10 -10 -------- Run | Yrd Mat Sub Total Allies . | . . . Largest Group . | . . . Highest-Rated Group . | . . . Highest-Rated Ally . | . . . Total Orders . | . . . Ally Attacks . | . . . Total Damage . | . . . Kills . | . . . Allies Corrupted . | . . . Allies Melted . | . . . X0-1V1 Amusement Gains 9 | . 9 . Good Acts 1 | . . 1 Bad Acts 3 | . . 3 Intel | -11 -10 -10 ------- Run | Yrd Mat Sub Active Infowar (turns) 803 | . 583 220 Sensors 25 | . 25 . Terrain 426 | . 426 . Structural 352 | . 132 220 Robot Analysis Total . | . . . Derelict Logs Recovered . | . . . Drone Launches . | . . . Drone Recoveries . | . . . Exploration | -11 -10 -10 ------------- Run | Yrd Mat Sub Turns Passed 941 | . 691 250 Spaces Moved 597 | 1 379 217 Core . | . . . Treads 4 | . 4 . Legs 360 | 1 359 . Wheels 233 | . 16 217 Hover . | . . . Flight . | . . . Fastest Speed 100 | 120 100 100 Average Speed 112 | 120 119 100 Slowest Speed 160 | 120 160 100 Overloaded Moves . | . . . Propulsion Burnouts . | . . . Robots Hopped . | . . . Potential Cave-ins . | . . . Cave-ins Triggered . | . . . Exploration Rate (%) 34 | 2 77 25 Regions Visited 2 Branch Regions 1 Pre-discovered Areas . | . . . Known Exits Taken . | . . . Unknown Exits Taken 2 | 1 1 . Scrap Searched 1 | . . 1 Spaces Dug . | . . . Terrain Destroyed 10 | . 10 . Melee . | . . . Projectile . | . . . AOE 10 | . 10 . Terrain Rammed . | . . . Walls Destroyed . | . . . Machines Disabled . | . . . Actions | -11 -10 -10 --------- Run | Yrd Mat Sub Total 748 | . 511 237 Wait 50 | . 47 3 Move 595 | . 378 217 Hop . | . . . Pick Up 4 | . 3 1 Fast Attach 5 | . 3 2 Attach 7 | . 5 2 Detach 1 | . 1 . Swap 13 | . 9 4 Drop 5 | . 4 1 Fire 61 | . 54 7 Melee . | . . . Ram . | . . . Kick 5 | . 5 . Crush 2 | . 2 . Escape Stasis . | . . . Rewire . | . . . Trap . | . . . Miscellaneous . | . . . Route ------- -11/Scrapyard -10/Materials (discovered 4 exits: [*Mat x2] / [*Min] / *Sub) -10/Subcaves History --------- Turn | Location | Event 1 | -11/Scrapyard | Discovered new exit (range 0) 1 | -11/Scrapyard | Entered Materials 108 | -10/Materials | Discovered new exit (range 16) 301 | -10/Materials | Build established: Mutant 379 | -10/Materials | Repaired Particle Gun 388 | -10/Materials | Discovered new exit (range 10) 505 | -10/Materials | Discovered new exit (range 10) 601 | -10/Materials | Derelicts attacked the area 644 | -10/Materials | Core integrity fell below 50% 682 | -10/Materials | Discovered new exit (range 7) 688 | -10/Materials | Prayed at D.C.S.S. Altar Unit 692 | -10/Materials | Entered Subcaves 698 | -10/Subcaves | Lost 5 parts (2n3w) 735 | -10/Subcaves | Shifting Twisted Machinery released Riot Gun 756 | -10/Subcaves | X0-1V1 sent hostile S-10 Pest (x3) 803 | -10/Subcaves | Energy generation permanently improved by X0-1V1 (+10) 816 | -10/Subcaves | Visited Clippyterm 819 | -10/Subcaves | Learned Research security intel 844 | -10/Subcaves | A swath of the cavern ceiling suddenly collapsed 903 | -10/Subcaves | Shifting Twisted Machinery released Battle Rifle 917 | -10/Subcaves | Shifting Twisted Machinery released Scrap Shield 939 | -10/Subcaves | Core integrity fell below 20% 942 | -10/Subcaves | Destroyed by 3H-Q3E(R) with Subdweller Beam Cannon Last Messages --------------- 00862_ System corrupted: Heat flow error (+161). 00863_ Acquired 7 matter. 00865_ Acquired 9 matter. 00876_ Searching scrap... 00876_ Found Sub. Laser. 00876_ Found 48 Matter. 00877_ Acquired 3 matter. 00879_ Acquired Sub. Laser. 00886_ System corrupted: FCS attempts to trigger Sub. Laser. 00886_ System corrupted: Sub. Laser misfires. Battle Rifle falls loose from the Twisted Machinery. 00910_ Acquired Battle Rifle. 00914_ System corrupted: Heat flow error (+285). Scrap Shield falls loose from the Twisted Machinery. 00926_ Ion Engine destroyed. 00930_ Critical hit (Meltdown: +260). 00932_ Com. Wheel destroyed. 00935_ Sub. Laser destroyed. 00936_ Lgt. Treads destroyed. 00942_ X0-1V1 giggles madly! Map ----- +----------------------------------------------------+ | ?????????????????????????????????????????????????? | | ?????????????????????????????????????????????????? | | ?????????????????????????????????????????????????? | | ?????????????????????????????????????????????????? | | ?????????????????????????????????????????????????? | | ?????????????????????????????????????????????????? | | ?????????????????????????????????????????????????? | | ?????????????????????????????????????????????????? | | ?????????????????????????????????????????????????? | | ?????????????????????????????????????????????????? | | ?????????????????????????????????????????????????? | | ?????????????????????????????????????????????????? | | ?????????????????????????????????????????????????? | | ?????????????????????????????????????????????????? | | ?????????????????????????????????????????????????? | | ?????????????????????#""?????????????????????????? | | ?????????????????????##""????????????????????????? | | ????????????????????###""????????????????????????? | | ????????????## ??#####"""???????????????????????? | | ????????????### ?##### "###??????????????????????? | | ???????????## ##""""######"??"???????????????? | | ???????????## # """""######?""???????????????? | | ???????????## ? # "" ""##"##? "?####?????????? | | ???????????????#### " "# """"## ""#####?????????? | | ???????????????#### !"###RR""###""### ##?????????? | | ????????????????## ""###@""#### ""# ##?????????? | | ???????????????? ??## #### " ##?????????? | | ????????????## ???## #### ###?????????? | | ????????????## ## ????##" ##??????????? | | ???????????? ### ????##"" ####??????????? | | ??????????? ??###????##### ###???????????? | | ??????????? ????###????###### ##????????????? | | ??????????????????????????### ##????????????? | | ???????????????????????????### ###??####??????? | | ???????????????????????????###O ##### ####?????? | | ??????????????????????????#### ### ###?????? | | ??????????????????????????### ##?????? | | ??????????????????????????## ##?????? | | ??????????????????????????## #### # ##?????? | | ????????????????????######## #######""# ##?????? | | ????????????????????######## ###?###"######?????? | | ????????????????????##" ##" ###????""#####?????? | | ????????????????????## # ####"??###????????? | | ????????????????????## ##"#" #"########????????? | | ????????????????????## ### ##"""""##??????????? | | ????????????????????##"%## "##??"###?????????? | | ????????????????????######## ####?? #####??????? | | ????????????????????######## ###"#######??????? | | ??????????????????????????### ##########??????? | | ??????????????????????????#### #####"#####??????? | +----------------------------------------------------+ Best States ------------- Heat Dissipation 39 Energy Generation 20 Energy Capacity 250 Matter Stores 300 Matter Capacity 300 Sight Range 16 Robot Scan Range 14 Terrain Scan Range 14 Terrain Scan Density 10 Evasion (%) 55 Recoil Reduction 2 Item Schematics ----------------- None Robot Schematics ------------------ None Fabricated ------------ Nothing Repaired ---------- Particle Gun | 70% | -10/Materials Studied --------- None Alien Tech Used ----------------- None Achievements -------------- None Challenges ------------ None Game ------ Seed ProjectionFusionLauncher Manual? 0 Play Time 00:07:28 Cumulative 1327.7 hours Start 2026.06.24 @ 15:00:25 End 2026.06.24 @ 15:07:06 Sessions 1 Manual Loads 0 Difficulty Rogue Special Mode None Game No. 1625 Rogue 1341 Adventurer 124 Explorer 160 Win Type - Total 66 Types 51/0/9/4/1/0/0/1/0/0 Lore% 93 Gallery% 83 Achievement% 71 Wizard Run 0 Options --------- Layout 0 ASCII 0 Keyboard 1 Movement Numpad Keybinds 0 Fullscreen 2 Font 18/X11 Map View 76x50 Zoom Use 0% Tactical HUD 1 Map Filters NONE Filters NONE Steam 1 RUN: a4045ed9-00b5-4a7d-afd0-91c782abff3d